 Dungeon Crawl Stone Soup version 0.18-a0-1311-g779ca93 (webtiles) character file.

84065 Duffy the Severer (level 16, 122/122 HPs)
             Began as a Formicid Fighter on Feb 13, 2016.
             Was the Champion of Cheibriados.
             Quit the game on level 12 of the Dungeon.
             The game lasted 00:37:05 (24188 turns).

Duffy the Severer (Formicid Fighter)               Turns: 24188, Time: 00:37:06

Health: 122/122    AC: 22    Str: 52    XL:     16   Next: 26%
Magic:  22/22      EV: 18    Int: 29    God:    Cheibriados [******]
Gold:   705        SH: 16    Dex: 25    Spells: 3 memorised, 8 levels left

rFire  + + .     SeeInvis +     O - +4 executioner's axe "Bozappuj" {venom, +Blink rElec MR+ Int-4}
rCold  . . .     Gourm    .     q - +3 plate armour {rF+}
rNeg   . . .     Faith    +     c - +0 shield
rPois  .         Spirit   .     (helmet unavailable)
rElec  +         Dismiss  .     F - +0 cloak
rCorr  .         Reflect  .     x - +1 pair of gloves
SustAt .         Harm     .     P - +0 pair of boots
MR     +++..                    I - amulet "Gejuf" {Faith -Tele rF+ Str+3 Int+10}
Stlth  ..........               T - +4 ring of evasion
                                a - ring "Vonuw" {MR+ Str+6}

@: very slow, extremely resistant to hostile enchantments, extremely unstealthy
A: permanent stasis, dig shafts and tunnels, four strong arms, antennae 3
a: Dig, Shaft Self, Bend Time, Temporal Distortion, Slouch, Step From Time,
Renounce Religion


You were on level 12 of the Dungeon.
You worshipped Cheibriados.
Cheibriados was exalted by your worship.
You were not hungry.

You visited 4 branches of the dungeon, and saw 23 of its levels.
You also visited: Volcano.

You collected 2320 gold pieces.
You spent 1615 gold pieces at shops.


Innate Abilities, Weirdness & Mutations

You are under a permanent stasis effect.
You can dig through walls and to a lower floor.
Your four strong arms can wield two-handed weapons with a shield.
You have a pair of large antennae on your head (SInv).


   Skills:
 + Level 10.3 Fighting
 - Level 20.2 Axes
 + Level 10.0 Armour
 + Level 5.2 Dodging
 - Level 9.5 Shields
 - Level 9.0 Invocations


You had 8 spell levels left.
You knew the following spells:

 Your Spells              Type           Power        Failure   Level  Hunger
a - Apportation           Tloc           #.........   34%         1    ##.....
b - Summon Butterflies    Summ           #.......     34%         1    ##.....
c - Silence               Hex/Air        #.........   100%        5    ######.

Inventory:

Hand Weapons
 j - a +0 blowgun
 L - a +5 battleaxe of electrocution
 O - the +4 executioner's axe "Bozappuj" (weapon) {venom, +Blink rElec MR+ Int-4}

   It poisons the flesh of those it strikes.
   It affects your intelligence (-4).
   It insulates you from electricity.
   It affects your resistance to hostile enchantments.
   It lets you blink.
Missiles
 p - a throwing net (quivered)
 v - 115 poisoned needles
 D - 6 curare-tipped needles
Armour
 c - a +0 shield (worn)
 q - a +3 plate armour of fire resistance (worn)
 x - a +1 pair of gloves (worn)
 F - a +0 cloak (worn)
 P - a +0 pair of boots (worn)
Jewellery
 a - the ring "Vonuw" (left hand) {MR+ Str+6}

   [ring of protection from magic]

   It affects your strength (+6).
   It affects your resistance to hostile enchantments.
 y - an uncursed ring of poison resistance
 A - an uncursed ring of ice
 I - the amulet "Gejuf" (around neck) {Faith -Tele rF+ Str+3 Int+10}

   [amulet of faith]

   It allows you to gain divine favour quickly.
   It affects your strength (+3).
   It affects your intelligence (+10).
   It protects you from fire.
   It prevents most forms of teleportation.
 T - a +4 ring of evasion (right hand)
Wands
 G - a wand of flame (41/48)
 K - a wand of paralysis (9/24)
 R - a wand of lightning (6/15)
 S - a wand of iceblast (5/15)
 W - a wand of polymorph (18/24)
Scrolls
 b - a scroll of immolation
 e - 2 scrolls of enchant armour {unknown}
 h - 4 scrolls of recharging
 i - 16 scrolls of remove curse
 r - a scroll of brand weapon
 s - a scroll of enchant weapon
 t - 4 scrolls of fear
 w - 4 scrolls of fog {unknown}
 E - 3 scrolls of magic mapping
 M - 2 scrolls of noise {unknown}
 Y - a scroll of holy word
Potions
 d - 3 potions of might
 g - 2 potions of brilliance
 k - 2 potions of ambrosia
 l - 7 potions of heal wounds
 B - 2 potions of cancellation
 C - 8 potions of curing
 H - 4 potions of invisibility
 J - 3 potions of agility
 N - 3 potions of cure mutation
 U - a potion of flight
Miscellaneous
 Z - a fan of gales
Comestibles
 f - 12 bread rations
 m - 10 fruits
 n - 6 slices of pizza
 o - 14 meat rations
 u - 4 beef jerkies
 z - 9 royal jellies
 X - 3 chunks of flesh

Dungeon Overview and Level Annotations

Branches:
Dungeon (12/15)            Temple (1/1) D:7            Lair (8/8) D:8
  Swamp (0/4) Lair:6       Spider (0/4) Lair:4        Slime (0/6) Lair:6
    Orc (2/2) D:10            Elf (0/3) Orc:2

Altars:
Ashenzari
Cheibriados
Dithmenos
Elyvilon
Fedhas
Gozag
Kikubaaqudgha
Makhleb
Nemelex Xobeh
Okawaru
Pakellas
Qazlal
Ru
Sif Muna
Trog
Vehumet
Xom
Yredelemnul
Zin
The Shining One

Shops:
D:6 [(=%:   Orc:2 ??=(

Annotations:
Lair:2 exclusion: 3 oklob plants
Lair:6 exclusion: 2 oklob plants
Lair:7 exclusion: 3 oklob plants


Message History

Something appears at your feet!
O - a twisted executioner's axe Wield which item (- for none, * to show all)? (? for menu, Esc to quit)
Your +5 battleaxe of electrocution stops crackling.
You feel stupid.
It begins to drip with poison!
O - the +4 executioner's axe "Bozappuj" (weapon)
{venom, +Blink rElec MR+ Int-4}
n - 6 slices of pizza (gained 1)
Found a falchion.
Found an escape hatch in the floor.
You see here a falchion.
As you open the door, it creaks loudly!
An ice beast comes into view.
You hear a loud, deep croak!
A giant frog comes into view.
The giant frog croaks.
Found 2 large rocks.
There is an open door here.
You carve the giant frog like a ham!!!
You kill the giant frog!
Cheibriados thoroughly appreciates the change of pace.
You cut the ice beast into ribbons!!!
You kill the ice beast!
Cheibriados appreciates the change of pace.
No target in view!
No target in view!
No target in view!
No target in view!
No target in view!
No target in view!
No target in view!
No target in view!
No target in view!
No target in view!
No target in view!
Are you sure you want to abandon this character and quit the game? (Confirm with "yes".)

##.# #..# ###.####
#####......#
######+
#..........#
.......
..###......#
....... #......#
....... #......#
###.......
#......###.@.......
#......##..#.......
#......#..##(......
#>..(..#.## .......
#......#.# .......
#..>.)...# .......
#......### #######
########


There were no monsters in sight!

Action                   |  1- 3 |  4- 6 |  7- 9 | 10-12 | 13-15 | 16-18 || total
-------------------------+-------+-------+-------+-------+-------+-------++-------
Melee: War axe           |    68 |   200 |   356 |    26 |       |       ||   650
       Battleaxe         |       |       |       |   537 |   794 |   111 ||  1442
       Scimitar          |       |       |       |     5 |       |       ||     5
       Dire flail        |       |       |       |       |     4 |       ||     4
       Executioner's axe |       |       |       |       |       |     2 ||     2
Invok: Slouch            |       |       |       |       |     2 |       ||     2
 Abil: Dig               |     1 |     5 |     5 |    12 |    12 |     1 ||    36
  Use: Scroll            |       |       |       |    13 |     9 |     8 ||    30
 Stab: Distracted        |       |       |       |     1 |       |       ||     1
       Petrified         |       |       |       |       |     1 |       ||     1
  Eat: Chunk             |       |     9 |    13 |    15 |    12 |     1 ||    50
       Pizza             |       |       |       |     2 |     2 |     2 ||     6
       Fruit             |       |       |       |       |     2 |       ||     2

Notes
Turn   | Place    | Note
--------------------------------------------------------------
     0 | D:1      | Duffy the Formicid Fighter began the quest for the Orb.
     0 | D:1      | Reached XP level 1. HP: 18/18 MP: 1/1
   125 | D:1      | Reached skill level 4 in Shields
   125 | D:1      | Reached XP level 2. HP: 18/24 MP: 2/2
   198 | D:1      | Reached XP level 3. HP: 24/29 MP: 3/3
   951 | D:2      | Reached XP level 4. HP: 16/35 MP: 4/4
  1213 | D:2      | Reached skill level 5 in Shields
  1231 | D:2      | Reached skill level 3 in Axes
  1241 | D:2      | Found a sparkling altar of Nemelex Xobeh.
  1966 | D:2      | Reached XP level 5. HP: 24/41 MP: 5/5
  2782 | D:3      | Found a glowing golden altar of the Shining One.
  2785 | D:3      | Noticed a hippogriff
  2798 | D:3      | Killed a hippogriff
  2798 | D:3      | Reached skill level 4 in Axes
  2798 | D:3      | Reached skill level 6 in Shields
  2798 | D:3      | Reached XP level 6. HP: 9/47 MP: 6/6
  3404 | D:4      | Noticed a slave
  3405 | D:4      | Noticed Pikel
  3405 | D:4      | Noticed a slave
  3406 | D:4      | Noticed a slave
  3406 | D:4      | Noticed a slave
  3435 | D:4      | Killed Pikel
  3435 | D:4      | Reached skill level 6 in Axes
  3435 | D:4      | Reached skill level 8 in Shields
  3435 | D:4      | Reached XP level 7. HP: 17/52 MP: 7/7
  3435 | D:4      | Reached XP level 8. HP: 18/58 MP: 8/8
  3457 | D:4      | Killed Foomius's ghost
  4475 | D:4      | Reached skill level 9 in Shields
  4527 | D:5      | Entered Level 5 of the Dungeon
  4538 | D:5      | Noticed Eustachio
  4631 | D:5      | Killed Eustachio
  4631 | D:5      | Reached skill level 7 in Axes
  4738 | D:5      | Reached XP level 9. HP: 57/64 MP: 9/9
  4780 | D:5      | Noticed Menkaure
  4790 | D:5      | Killed Menkaure
  4849 | D:5      | Found an ancient bone altar of Kikubaaqudgha.
  4851 | D:5      | Found a blossoming altar of Fedhas.
  4859 | D:5      | Reached skill level 4 in Fighting
  4859 | D:5      | Reached skill level 4 in Armour
  4861 | D:5      | Reached skill level 8 in Axes
  4963 | D:5      | Noticed Crazy Yiuf
  4973 | D:5      | Killed Crazy Yiuf
  5511 | D:6      | Found Kasirphi's Jewellery Shoppe.
  5837 | D:6      | Reached skill level 5 in Armour
  5957 | D:6      | Reached skill level 5 in Fighting
  5957 | D:6      | Reached skill level 9 in Axes
  6168 | D:6      | Found Qobrial's Antique Armour Shoppe.
  6230 | D:6      | Found Finait's Weapon Shop.
  6455 | D:6      | Found Enukhlau's Food Boutique.
  6473 | D:6      | Found Sowiutic's Book Emporium.
  6957 | D:7      | Reached XP level 10. HP: 74/74 MP: 10/10
  7283 | D:7      | Reached skill level 6 in Fighting
  7467 | D:7      | Reached skill level 10 in Axes
  7467 | D:7      | Reached skill level 6 in Armour
  7628 | D:7      | Found a staircase to the Ecumenical Temple.
  7633 | Temple   | Entered the Ecumenical Temple
  7727 | Temple   | Became a worshipper of Cheibriados the Contemplative
  8126 | D:8      | Noticed Prince Ribbit
  8165 | D:8      | Killed Prince Ribbit
  8606 | D:8      | Reached * piety under Cheibriados
  8656 | D:8      | Reached ** piety under Cheibriados
  8950 | D:8      | Reached skill level 11 in Axes
  9398 | D:8      | Found a staircase to the Lair.
  9425 | D:8      | Noticed Psyche
  9428 | D:8      | Killed Psyche
  9487 | D:8      | Found a shadowy altar of Dithmenos.
  9491 | D:8      | Noticed Gastronok
  9797 | D:8      | Killed Gastronok
  9797 | D:8      | Reached skill level 12 in Axes
  9797 | D:8      | Reached XP level 11. HP: 49/83 MP: 11/11
 10067 | D:8      | Noticed a brown ugly thing
 10072 | D:8      | Killed a brown ugly thing
 10072 | D:8      | Reached *** piety under Cheibriados
 10072 | D:8      | Reached skill level 13 in Axes
 10408 | D:9      | Found a deep blue altar of Sif Muna.
 10408 | D:9      | Found a bloodstained altar of Trog.
 10410 | D:10     | Entered Level 10 of the Dungeon
 10634 | D:10     | Noticed Maurice
 10642 | D:10     | Killed Maurice
 10642 | D:10     | Reached skill level 7 in Fighting
 10673 | D:10     | Reached **** piety under Cheibriados
 10756 | D:10     | Noticed Erica
 10772 | D:10     | Killed Erica
 10793 | D:10     | Noticed Patate's ghost (novice GrFi)
 10808 | D:10     | Killed Patate's ghost
 10808 | D:10     | Reached skill level 7 in Armour
 10967 | D:9      | Reached XP level 12. HP: 84/92 MP: 12/12
 10973 | D:9      | Reached skill level 14 in Axes
 11155 | D:10     | Noticed a four-headed hydra
 11162 | D:10     | Killed a one-headed hydra
 11162 | D:10     | Reached skill level 8 in Fighting
 11270 | D:10     | Found a staircase to the Orcish Mines.
 11452 | D:10     | Reached ***** piety under Cheibriados
 11523 | Orc:1    | Entered Level 1 of the Orcish Mines
 11792 | D:6      | Bought the ring "Vonuw" {MR+ Str+6} for 624 gold pieces
 11907 | D:8      | Reached skill level 1 in Invocations
 12053 | D:9      | Reached skill level 2 in Invocations
 12237 | D:9      | Found a white marble altar of Elyvilon.
 12364 | Lair:1   | Entered Level 1 of the Lair of Beasts
 12471 | Lair:1   | Reached skill level 3 in Invocations
 12583 | Lair:1   | Reached skill level 4 in Invocations
 13131 | Lair:2   | Found a dark tunnel.
 13134 | Volcano  | Entered a volcano
 13194 | Volcano  | Reached skill level 5 in Invocations
 13444 | Volcano  | Reached skill level 15 in Axes
 13592 | Volcano  | Reached skill level 6 in Invocations
 14043 | Lair:2   | Reached XP level 13. HP: 98/98 MP: 16/18
 14047 | Lair:2   | Reached skill level 7 in Invocations
 14489 | Lair:3   | Noticed Sonja
 14490 | Lair:3   | Killed Sonja
 14575 | Lair:3   | Reached skill level 8 in Invocations
 14666 | Lair:3   | Reached ****** piety under Cheibriados
 14726 | Lair:3   | Reached skill level 9 in Invocations
 14747 | Lair:3   | Reached skill level 16 in Axes
 14941 | Lair:3   | Noticed a seven-headed hydra
 14949 | Lair:3   | Killed a seven-headed hydra
 15274 | Lair:3   | Noticed a five-headed hydra
 15281 | Lair:3   | Killed an eight-headed hydra
 15753 | Lair:4   | Reached skill level 17 in Axes
 16030 | Lair:4   | Found a hole to the Spider Nest.
 16037 | Lair:4   | Reached XP level 14. HP: 88/105 MP: 20/20
 16052 | Lair:4   | Learned a level 1 spell: Apportation
 16054 | Lair:4   | Learned a level 1 spell: Summon Butterflies
 16777 | Lair:6   | Reached skill level 18 in Axes
 16868 | Lair:6   | Found a staircase to the Swamp.
 17396 | Lair:5   | Noticed Kirke
 17405 | Lair:5   | Killed Kirke
 17660 | Lair:6   | Found a staircase to the Slime Pits.
 19130 | Lair:8   | Entered Level 8 of the Lair of Beasts
 19350 | Lair:8   | Reached skill level 19 in Axes
 19525 | Lair:8   | Found a runed door.
 19684 | Lair:8   | Reached XP level 15. HP: 110/110 MP: 21/21
 20131 | Lair:8   | Reached skill level 20 in Axes
 20849 | Lair:8   | Reached skill level 1 in Dodging
 20851 | Lair:8   | Reached skill level 8 in Armour
 21159 | Lair:8   | Reached skill level 2 in Dodging
 21346 | Lair:8   | Reached skill level 9 in Fighting
 21357 | Lair:8   | Learned a level 5 spell: Silence
 21477 | Lair:1   | Reached skill level 3 in Dodging
 21595 | Orc:2    | Entered Level 2 of the Orcish Mines
 21595 | Orc:2    | Found a staircase to the Elven Halls.
 21595 | Orc:2    | Noticed kae's ghost (journeyman SpEn)
 21680 | Orc:2    | Killed kae's ghost
 22245 | Orc:2    | Reached skill level 9 in Armour
 22258 | Orc:1    | Reached skill level 4 in Dodging
 22552 | Orc:2    | Reached XP level 16. HP: 112/121 MP: 22/22
 22593 | Orc:2    | Found a radiant altar of Vehumet.
 22599 | Orc:2    | Found Bieck's Magic Scroll Boutique.
 22609 | Orc:2    | Found Utaodith's Weapon Shoppe.
 22614 | Orc:2    | Found Himme's Magic Scroll Shop.
 22615 | Orc:2    | Found Itattuk's Jewellery Boutique.
 22650 | Orc:2    | Reached skill level 10 in Fighting
 22789 | Orc:2    | Bought a scroll of random uselessness for 15 gold pieces
 23147 | Orc:2    | Bought a scroll of identify for 36 gold pieces
 23147 | Orc:2    | Bought a scroll of identify for 36 gold pieces
 23147 | Orc:2    | Bought a scroll of identify for 36 gold pieces
 23147 | Orc:2    | Bought a scroll of identify for 36 gold pieces
 23170 | Orc:2    | Bought the amulet "Gejuf" {Faith -Tele rF+ Str+3 Int+10} for 832 gold pieces
 23280 | D:11     | Reached skill level 5 in Dodging
 24064 | D:12     | Reached skill level 10 in Armour
 24166 | D:12     | Got a twisted executioner's axe
 24167 | D:12     | Identified the +4 executioner's axe "Bozappuj" {venom, +Blink rElec MR+ Int-4} (You acquired it on level 12 of the Dungeon)
 24188 | D:12     | Quit the game

Vault maps used:
D:1:      saegor_arrival_simple_e, st_stairs_1
D:2:      nemelex_xobeh_ov_fountains_minmay, kennysheep_cross_bottleneck
D:3:      tso_oasis_becter
D:4:      minmay_door_path, first_bread, st_stairs_12, uniq_pikel
D:5:      grunt_temple_overflow_growth_and_decay, uniq_crazy_yiuf_cottage,
          uniq_menkaure, uniq_eustachio
D:6:      serial_shops, kennysheep_mini_moat, nicolae_shop_stone, shop,
          nicolae_shop_trees, shop
D:7:      minmay_temple_entry_trees
D:8:      grunt_dithmenos_smoke_and_mirrors, grunt_lair_entry_orc_guard_hut,
          uniq_gastronok, uniq_prince_ribbit1, uniq_psyche
D:9:      nicolae_overflow_hidden_temple
D:10:     orc_0_dummy, grunt_pizzeria, uniq_erica, uniq_maurice
D:11:     serial_glass, glass_columns_a, glass_columns_c
Temple:   zaba_magenta_temple_12
Lair:1:   serial_bayou_shore_b
Lair:2:   dpeg_oklob_gauntlet, nicolae_volcano_entry_lava_flow
Lair:3:   serial_forest, infiniplex_forest_clump_curved,
          infiniplex_forest_lined_2, infiniplex_forest_split,
          infiniplex_forest_corner_1, infiniplex_forest_clump_medium,
          special_room, beast_lair_carwin_3, uniq_sonja
Lair:4:   spider_nest_entry_funnel_web
Lair:5:   uniq_kirke
Lair:6:   swamp_mist_pool, minmay_slime_entry_oklob_enclosed
Lair:7:   disabler_island, grunt_megastairs_4, infiniplex_staircase_pool_2
Lair:8:   hangedman_lair_in_review, wormcave, minivault_29
Orc:2:    st_orc_open, basic_altar
Volcano:  volcano_pools

Vanquished Creatures
  Gastronok Kirke
  The ghost of kae the Swashbuckler, a journeyman SpEn of Dithmenos
  A fire dragon
  10 hydras
  2 catoblepae Erica
  2 ogre magi
  A queen ant Sonja
  The ghost of Patate the Basher, a novice GrFi of Trog
  2 deep trolls
  5 hill giants Pikel
  2 lindwurms
  A wolf spider
  An orc knight
  3 griffons
  6 ugly things
  2 orc sorcerers
  2 cyclopes
  2 manticores
  4 elephants Maurice
  A molten gargoyle
  6 black mambas
  17 spiny frogs
  9 torpor snails
  A kobold demonologist Psyche
  9 komodo dragons
  3 fire drakes
  A jumping spider
  A queen bee
  9 trolls
  2 polar bears
  5 giant leeches
  9 two-headed ogres Prince Ribbit
  28 blink frogs
  4 hogs
  A redback
  52 yaks
  2 wyverns
  3 basilisks
  2 fire elementals
  A human Eustachio
  The ghost of Foomius the Ruffian, an amateur DrTm of Okawaru
  A hungry ghost
  2 sky beasts Menkaure
  20 wolves
  10 hippogriffs
  4 wargs
  12 water moccasins
  20 soldier ants
  8 porcupines
  2 slaves
  3 phantoms
  A black bear
  25 ogres
  15 orc warriors
  3 wasps
  3 ice beasts
  7 centaurs
  13 crocodiles
  A big kobold
  20 giant frogs
  An earth elemental
  A wyvern zombie
  2 scorpions
  34 killer bees
  11 wights
  7 crimson imps
  5 hounds
  2 giant frog zombies
  2 giant frog skeletons
  4 jellies
  17 orc priests
  17 orc wizards Crazy Yiuf
  9 iguanas
  32 worker ants
  2 hound skeletons
  3 gnolls
  14 adders
  28 river rats
  7 shadow imps
  2 oozes
  23 worms
  6 giant geckos
  68 orcs
  15 bats
  6 giant cockroaches
  8 goblins
  11 hobgoblins
  5 jackals
  18 kobolds
  4 quokkas
  A giant gecko zombie
  5 giant newts
  A quokka skeleton
  24 rats
  36 fungi
  36 plants
863 creatures vanquished.
